cohdb
Replays
Latest Replays
All Replays
Popular Replays
Top Player Replays
Match Explorer
How It Works
Community
CoH3 Stats
Reddit
Sign in to upload your games and track your stats! →
Sign in with Steam
Match 43059901
Unlisted
Match 43059901
Overview
Messages
Build Orders
End
Kradschützen Motorcycle Team
Panzergrenadier Squad
Selects Armored Support Battlegroup
Panzergrenadier Squad
Panzergrenadier Squad
Construct Light Support Kompanie
2.5-tonne Medical Truck
Fire Support Elements
Panzerjäger Mechanized Group
Combat Half-tracks
Flakvierling Half-track
Construct Panzerarmee Kommand
Kradschützen Motorcycle Team
Lieutenant Salsalani
matrix4x4
0
0
Comments
sign in to comment!
No comments posted yet!